 Dungeon Crawl Stone Soup version 0.26.0-90-g5fd8617961 (webtiles) character file.

Game seed: 13527482095643161067

55 Gadfly the Cudgeller (level 3, -3/36 HPs)
             Began as an Ogre Gladiator on Feb 2, 2021.
             Slain by a gnoll
             ... wielding a +0 flail
              (5 damage)
             ... on level 2 of the Dungeon.
             The game lasted 00:01:15 (1704 turns).

Gadfly the Cudgeller (Ogre Gladiator)               Turns: 1704, Time: 00:01:15

Health: -3/36      AC:  3    Str: 15    XL:     3   Next: 93%
Magic:  4/4        EV: 11    Int:  9    God:
Gold:   93         SH:  0    Dex: 16    Spells: 2/2 levels left

rFire    . . .     SeeInvis .   a - +0 flail
rCold    . . .     Faith    .   (no shield)
rNeg     . . .     Spirit   .   b - +0 robe
rPois    .         Reflect  .   c - +0 hat
rElec    .         Harm     .   (no cloak)
rCorr    .         Rampage  .   (gloves unavailable)
Will     .....                  (boots unavailable)
Stlth    +.........             (no amulet)
HPRegen  0.12/turn              f - +6 ring of dexterity
MPRegen  0.09/turn              i - -4 ring of strength (curse)

@: no status effects
A: large, unfitting armour, tough skin 1
a: no special abilities


You were on level 2 of the Dungeon.
You visited 1 branch of the dungeon, and saw 2 of its levels.

You collected 93 gold pieces.

Inventory:

Hand Weapons
 a - a +0 flail (weapon)
Missiles
 d - 3 throwing nets
 e - 156 stones (quivered)
Armour
 b - a +0 robe (worn)
 c - a +0 hat (worn)
Jewellery
 f - a +6 ring of dexterity (left hand)
 i - a cursed -4 ring of strength (right hand)
 j - a cursed amulet of reflection {unknown}
 m - an uncursed ring of protection from fire {unknown}
Scrolls
 h - a scroll of blinking
 l - a scroll of fear {unknown}
 n - a scroll of identify
Potions
 g - a potion of degeneration {unknown}
 k - a potion of curing {unknown}
 o - a potion of lignification {unknown}


   Skills:
 - Level 2.6 Fighting
 + Level 3.0 Maces & Flails
 + Level 2.3 Throwing
 * Level 1.1 Armour
 - Level 2.6 Dodging
 * Level 1.5 Invocations
 * Level 1.1 Evocations


You had 2 spell levels left.
You didn't know any spells.
Your spell library was empty.

Dungeon Overview and Level Annotations

Branches:
Dungeon (2/15)

Altars:
Ru


Innate Abilities, Weirdness & Mutations

You are too large for most types of armour.
You have tough skin. (AC +1)


Message History

You hit the gnoll but do no damage.
The gnoll is severely wounded.
The gnoll closely misses you. The gnoll hits you with a +0 flail!
The gnoll completely misses you.
You hit the gnoll but do no damage.
The gnoll is severely wounded.
The gnoll hits you with a +0 flail! The gnoll barely misses you.
You barely miss the gnoll.
The gnoll is severely wounded.
The gnoll barely misses you. The gnoll closely misses you.
You barely miss the gnoll.
The gnoll is severely wounded.
The gnoll hits you from afar with a +0 spear!
The gnoll barely misses you.
You hit the gnoll.
The gnoll is almost dead.
The gnoll hits you from afar with a +0 spear!
* * * LOW HITPOINT WARNING * * *
The gnoll hits you with a +0 flail.
You die...

##.......##
#.........# ...#
'.........+ ...
#.........# ..#
##.......## .g#
##.....## # #g#
##...## #.##g###.#
##'## #...g....#
#.# #@# #.# #.#
#####.## #.#
.......## #_#
........# #.#
###.....########.#
# #.#.#..........#
#.##############
###.#


You could see 3 gnolls and a goblin.

Vanquished Creatures
  2 adders (D:2)
  3 leopard geckos
  A ball python (D:2)
  5 bats (D:1)
  2 giant cockroaches (D:1)
  5 hobgoblins (D:1)
  3 frilled lizards (D:1)
  3 goblins
  5 kobolds
  4 rats
33 creatures vanquished.

Notes
Turn   | Place    | Note
-------+----------+-------------------------------------------
     0 | D:1      | Gadfly the Ogre Gladiator began the quest for the Orb.
     0 | D:1      | Reached XP level 1. HP: 22/22 MP: 1/1
   151 | D:1      | Reached XP level 2. HP: 26/29 MP: 2/2
   382 | D:1      | Reached skill level 1 in Invocations
   605 | D:1      | Reached XP level 3. HP: 36/36 MP: 3/3
   915 | D:2      | Reached skill level 1 in Armour
   915 | D:2      | Reached skill level 1 in Evocations
  1345 | D:2      | Reached skill level 3 in Maces & Flails
  1688 | D:2      | Found a sacrificial altar of Ru.
  1704 | D:2      | Slain by a gnoll

Illustrated notes

Levels and vault maps discovered:
D:1:      nzn_arrival_settlement, layout_basic, kennysheep_decorative_pillar,
          minivault_11, dk_noncrumbling_3
D:2:      layout_loops_corners, marbit_many_paths, overflow_temple_1_default,
          led_sif_pool

Skill      XL: |  1  2  3 |
---------------+----------+-----
Invocations    | 1 |  1.5
Armour         | 1 |  1.1
Evocations     | 1 |  1.1
Maces & Flails | 3 |  3.0
Fighting       | |  2.6
Throwing       | |  2.3
Dodging        | |  2.6

Action                   || total
-------------------------++-------
Melee: Flail             ||    98
Throw: Stone             ||    17
  Use: Scroll            ||     1
 Stab: Sleeping          ||     2
Armor: Robe              ||    33
Dodge: Dodged            ||    85
